Match 39325016
Unlisted

Match 39325016
End
Royal Engineer Section
Construct Section Command Post
Infantry Section
Infantry Section
Infantry Section
Selects Indian Artillery Battlegroup
Infantry Section
Grenade Package
Construct Field Infirmary
Selects Valour
Construct Platoon Command Post
Humber Armored Car
Infantry Section
Selects Gurkha Rifles Section
Vickers Machine Gun Team
Construct Company Command Post
6-pounder Anti-tank Gun Team
Selects Volunteer Infantry
Crusader II Medium Tank
Gurkha Rifles Section
Crusader II Medium Tank
Crusader II Medium Tank
BIOHAZARD
Kiwichi
0
0

Comments sign in to comment!

No comments posted yet!